 Dungeon Crawl Stone Soup version 0.27-a0-512-g57cc695410 (webtiles) character file.

Game seed: 4417207069607308833

110 tilp the Sneak (level 4, -2/30 HPs)
             Began as an Octopode Transmuter on Mar 3, 2021.
             Slain by a wyvern skeleton (7 damage)
             ... on level 3 of the Dungeon.
             The game lasted 00:03:56 (3460 turns).

tilp the Sneak (Octopode Transmuter)                Turns: 3460, Time: 00:03:57

Health: -2/30      AC:  1    Str:  9    XL:     4   Next: 91%
Magic:  5/7        EV: 13    Int: 16    God:
Gold:   89         SH:  0    Dex: 12    Spells: 4/7 levels left

rFire    . . .     SeeInvis .     - Unarmed
rCold    . . .     Faith    .   (no shield)
rNeg     . . .     Spirit   .   (helmet currently unavailable)
rPois    .         Reflect  .   (no amulet)
rElec    .         Harm     .   (no ring)
rCorr    .         Rampage  .   (no ring)
Will     .....                  (no ring)
Stlth    +++.......             (no ring)
HPRegen  0.10/turn              (no ring)
MPRegen  0.10/turn              (no ring)
                                (no ring)
                                (no ring)

@: appendages (expiring), wereblooded
A: almost no armour, stealthy swim, amphibious, 8 rings, constrict 8, tentacle
spike 3, camouflage 1, gelatinous body 1
a: End Transformation


You were on level 3 of the Dungeon.
One of your tentacles had a temporary spike.
You visited 1 branch of the dungeon, and saw 3 of its levels.

You collected 89 gold pieces.

Inventory:

Missiles
 c - 139 stones (quivered)
 g - 3 datura-tipped darts
Jewellery
 a - a ring of fire
 h - a ring of fire
Scrolls
 f - a scroll of noise {unknown}
Potions
 b - a potion of heal wounds {unknown}
 d - a potion of ambrosia {unknown}
 e - a potion of curing {unknown}
 i - a potion of flight {unknown}


   Skills:
 + Level 2.4 Fighting
 - Level 2.0 Dodging
 - Level 4.0 Stealth
 + Level 3.8 Unarmed Combat
 - Level 2.0 Spellcasting
 - Level 2.0 Transmutations


You had 4 spell levels left.
You knew the following spells:

 Your Spells              Type           Power        Failure   Level
a - Beastly Appendage     Tmut           16%          9%          1
b - Wereblood             Tmut           8%           14%         2

Your spell library contained the following spells:

 Spells                   Type           Power        Failure   Level
 Spider Form              Tmut/Pois      2%           38%         3
 Ice Form                 Ice/Tmut       4%           80%         4
 Blade Hands              Tmut           4%           94%         5


Dungeon Overview and Level Annotations

Branches:
Dungeon (3/15)

Altars:
Elyvilon
Qazlal

Annotations:
D:2 Terence


Innate Abilities, Weirdness & Mutations

You cannot wear most types of armour.
You are very stealthy in the water. (Stealth+)
You are amphibious.
You can wear up to eight rings at the same time.
You can use your tentacles to constrict eight enemies at once.
Your skin changes colour to match your surroundings (Stealth+).
Your rubbery body absorbs attacks. (AC +1, EV +1)
One of your tentacles bears a large vicious spike.


Message History

A goblin comes into view.
The kobold drinks a potion.
The kobold seems to speed up.
Casting: Beastly Appendage (safe; 9% risk of failure)
Confirm with . or Enter, or press ? or * to list all spells.
One of your tentacles grows a vicious spike.
Casting: Beastly Appendage (safe; 9% risk of failure)
Confirm with . or Enter, or press ? or * to list all spells.
Your blood is infused with primal strength.
The kobold hits you with a +0 short sword!
You tentacle-slap the kobold but do no damage.
You grab the kobold. You constrict the kobold.
The kobold hits you but does no damage. The kobold closely misses you.
You barely miss the kobold.
You pierce the kobold, but do no damage.
The kobold is moderately wounded.
You constrict the kobold, but do no damage.
The kobold hits you with a +0 short sword.
You tentacle-slap the kobold.
You kill the kobold!
You tentacle-slap the wyvern skeleton but do no damage.
The wyvern skeleton is lightly damaged.
The wyvern skeleton misses you. The wyvern skeleton bites you.
You tentacle-slap the wyvern skeleton.
The wyvern skeleton is moderately damaged.
The wyvern skeleton bites you.
You tentacle-slap the wyvern skeleton.
You pierce the wyvern skeleton.
The wyvern skeleton is heavily damaged.
The wyvern skeleton closely misses you.
You tentacle-slap the wyvern skeleton.
The wyvern skeleton is heavily damaged.
The wyvern skeleton bites you but does no damage.
You tentacle-slap the wyvern skeleton.
The wyvern skeleton is severely damaged.
Your transformation is almost over.
The wyvern skeleton bites you!
* * * LOW HITPOINT WARNING * * *
You tentacle-slap the wyvern skeleton.
You pierce the wyvern skeleton.
The wyvern skeleton is severely damaged.
The wyvern skeleton bites you!
You die...

P≈≈≈♣.....<...####..)..^#....
≈≈≈.≈P.............####≈^^.§.
≈≈≈≈≈≈......#...### ##^^^..
≈≈≈≈P≈...)..###.# ####......
≈≈≈≈≈≈.(....)...####.........
≈≈≈≈.≈.<.K...#....###.#.###..
≈≈≈≈≈≈P...##w####............
≈≈P≈.≈.#####Z# ####..#..###.
≈≈≈≈≈≈. #@# ##..........
.♣.≈... #.#####...........
..♣P..# #.......##........ .
###.######...#######.......
#..........# #.......
...#####...# ###.......
#####...#####...#.....
#.....................
....###...#########.....


You could see a dart slug and a wyvern skeleton.

Vanquished Creatures
  2 adders
  3 worms
  3 dart slugs (D:1)
  4 leopard geckos
  5 orcs
  A giant cockroach (D:3)
  11 goblins
  9 hobgoblins
  7 jackals (D:2)
  A quokka (D:2)
  2 bats (D:1)
  3 frilled lizards
  9 kobolds
  6 rats
66 creatures vanquished.

Vanquished Creatures (others)
  A plant (D:3)
1 creature vanquished.

Grand Total: 67 creatures vanquished

Notes
Turn   | Place    | Note
-------+----------+-------------------------------------------
     0 | D:1      | tilp the Octopode Transmuter began the quest for the Orb.
     0 | D:1      | Reached XP level 1. HP: 13/13 MP: 3/3
    29 | D:1      | Reached skill level 1 in Stealth
    40 | D:1      | Reached skill level 2 in Stealth
    44 | D:1      | Reached XP level 2. HP: 10/18 MP: 5/5
    49 | D:1      | Learned a level 2 spell: Wereblood
   332 | D:1      | Reached skill level 3 in Stealth
   624 | D:1      | Reached XP level 3. HP: 22/23 MP: 6/6
   651 | D:1      | Reached skill level 4 in Stealth
  1265 | D:2      | Found a white marble altar of Elyvilon.
  1731 | D:2      | Reached XP level 4. HP: 22/29 MP: 4/7
  1904 | D:2      | Noticed Terence
  2815 | D:3      | Found a stormy altar of Qazlal.
  3460 | D:3      | Slain by a wyvern skeleton

Illustrated notes

Levels and vault maps discovered:
D:1:      giann_bridges, layout_loops_ring, minmay_misc_feat_roman,
          minmay_pentomino_w2
D:2:      minmay_evil_eye, layout_basic, general_overflow_altar, uniq_terence
D:3:      layout_rooms, st_stairs_13, serial_bayou_pond_b,
          grunt_qazlal_sundering

Skill      XL: |  1  2  3  4 |
---------------+-------------+-----
Stealth        | 2 3 4 |  4.0
Fighting       | 2 |  2.4
Dodging        | |  2.0
Unarmed Combat | |  3.8
Spellcasting   | |  2.0
Transmutations | |  2.0

Action                   |  1- 3 |  4- 6 || total
-------------------------+-------+-------++-------
Melee: Unarmed           |    94 |    63 ||   157
       Constrict         |    24 |    14 ||    38
       Tentacles         |    13 |     5 ||    18
       Punch             |     2 |     1 ||     3
       Kick              |     5 |    11 ||    16
Throw: Stone             |     2 |     4 ||     6
 Cast: Beastly Appendage |     5 |     8 ||    13
       Wereblood         |     4 |     4 ||     8
 Stab: Sleeping          |     6 |     1 ||     7
Armor: Skin              |    10 |     3 ||    13
Dodge: Dodged            |    51 |    37 ||    88

Table legend: (Time is in decaauts)
 A = Elapsed time spent in this place.
 B = Non-inter-level travel time spent in this place.
 C = Inter-level travel time spent in this place.
 D = Time resting spent in this place.
 E = Time spent auto-exploring this place.
 F = Levels seen in this place.
 G = Mean time per level.
                   A        B        C        D        E       F      G
               +--------+--------+--------+--------+--------+-----+--------+
         Total |   3452 |   3286 |    166 |    678 |   2149 |   3 | 1150.7 |
       Dungeon |   3452 |   3286 |    166 |    678 |   2149 |   3 | 1150.7 |
               +--------+--------+--------+--------+--------+-----+--------+

Top non-repeatable levels by time:
     D:2: 1869 daAuts
     D:1: 1228 daAuts
     D:3: 354 daAuts
